Map: Nightshade LE

Players

ViBE - Winner!

  • Race: Zerg Zerg
  • League: Master
  • Spawn Location: 5:00

Rainspider

  • Race: Terran Terran
  • League: Diamond
  • Spawn Location: 11:00

VOD

Have the link to the VOD?

Description

Time

  • Played on: Dec. 26, 2019, 12:58 a.m.
  • Length: 10:01
Show
View Real Time Build Order
Export as new Build Order

ViBE Zerg - Winner!

Build Orders: Hatch First 

Get SALT Encoding   

  12  0:01  Drone  
  13  0:14  Overlord  
  13  0:16  Drone  
  14  0:33  Drone x2  
  16  0:36  Drone  
  17  0:56  Hatchery  
  16  1:01  Drone x2  
  18  1:15  Spawning Pool  
  18  1:16  Drone  
  18  1:20  Drone  
  19  1:29  Drone  
  20  1:44  Drone  
  20  1:45  Hatchery  
  20  1:55  Drone  
  21  2:07  Queen  
  21  2:08  Queen  
  25  2:21  Drone x3  
  28  2:28  Overlord  
  28  2:36  Overlord  
  28  2:47  Queen x2  
  28  2:50  Drone x2  
  28  2:51  Drone x2  
  36  2:55  Drone x2  
  38  3:02  Queen  
  40  3:12  Drone x4  
  44  3:20  Drone x5  
  49  3:29  Roach Warren  
  48  3:40  Drone x2  
  50  3:42  Overlord  
  50  3:49  Evolution Chamber  
  50  3:52  Evolution Chamber  
  50  3:54  Drone  
  50  3:56  Evolution Chamber  
  50  3:57  Overlord  
  50  4:00  Queen x3, Drone  
  50  4:01  Drone  
  50  4:02  Drone  
  58  4:12  Overlord x2  
  58  4:25  Drone x8  
  66  4:36  Drone x5  
  71  4:42  Queen  
  71  4:44  Overlord  
  73  4:47  Overlord  
  73  4:54  Queen  
  73  4:55  Extractor  
  73  4:56  Queen, Extractor x2  
  73  4:57  Extractor  
  73  4:58  Extractor  
  73  4:59  Extractor  
  71  5:02  Drone x3  
  71  5:05  Drone x7  
  81  5:15  Overlord x2  
  81  5:28  Drone x9  
  90  5:29  Spore Crawler  
  90  5:31  Spore Crawler  
  90  5:35  Spore Crawler  
  87  5:45  Lair  
  87  5:47  Zerg Missile Weapons Level 1  
  87  5:49  Drone, Zerg Ground Armor Level 1  
  88  5:51  Drone  
  88  5:56  Roach x5  
  99  6:03  Hatchery  
  98  6:11  Overlord x3  
  98  6:12  Overlord  
  98  6:15  Roach x4  
  106  6:21  Overlord x3  
  106  6:31  Roach x6  
  118  6:37  Roach x5  
  126  6:50  Glial Reconstitution  
  126  6:55  Overlord x4  
  126  6:57  Roach  
  128  7:02  Roach x10  
  148  7:08  Overlord  
  148  7:09  Overlord  
  146  7:20  Roach x4  
  150  7:28  Roach  
  150  7:29  Roach x3  
  148  7:43  Zerg Missile Weapons Level 2, Zerg Ground Armor Level 2  
  148  7:47  Infestation Pit  
  148  7:49  Drone x11  
  158  7:54  Drone  
  159  8:03  Drone x3  
  162  8:07  Extractor x2  
  162  8:08  Drone  
  162  8:09  Drone x2  
  162  8:10  Drone  
  162  8:12  Roach x6  
  176  8:24  Roach x4  
  176  8:26  Ravager x7  
  176  8:27  Ravager  
  192  8:29  Ravager  
  192  8:31  Ravager  
  171  8:47  Roach x11  
  179  8:58  Roach x7  
  177  9:08  Roach x10  
  197  9:17  Roach  
  197  9:19  Ravager  
  200  9:27  Hatchery, Roach  
Show
View Real Time Build Order
Export as new Build Order

Rainspider Terran 

Build Orders: Mech 

Get SALT Encoding   

  12  0:00  SCV  
  13  0:13  SCV  
  14  0:17  Supply Depot  
  14  0:25  SCV  
  15  0:38  SCV  
  15  0:40  Barracks  
  16  0:45  Refinery  
  16  0:50  SCV  
  17  1:03  SCV  
  18  1:15  SCV  
  19  1:29  Marine  
  19  1:30  Orbital Command  
  20  1:41  Command Center  
  20  1:47  Marine  
  20  1:52  Bunker  
  21  1:56  SCV  
  22  2:02  Supply Depot  
  22  2:07  Barracks Reactor  
  22  2:10  SCV  
  23  2:28  Factory, SCV  
  24  2:38  Refinery  
  24  2:40  SCV  
  25  2:52  Barracks Tech Lab, SCV  
  25  2:53  Orbital Command  
  26  3:00  Barracks  
  26  3:03  Barracks  
  26  3:04  SCV  
  27  3:14  Starport  
  27  3:16  Marine  
  27  3:17  SCV  
  29  3:24  Hellion  
  29  3:26  Hellion  
  33  3:28  SCV  
  33  3:33  Marine  
  34  3:42  Stimpack  
  34  3:43  SCV x2  
  36  3:52  Medivac  
  36  3:55  SCV  
  39  4:02  Barracks Tech Lab  
  39  4:03  Marine x2  
  39  4:05  Marauder  
  39  4:06  SCV  
  44  4:13  SCV  
  45  4:18  SCV  
  46  4:24  Refinery  
  46  4:25  Command Center  
  46  4:39  Marine  
  46  4:40  Supply Depot, Marauder, SCV  
  46  4:41  Supply Depot  
  46  4:44  Marine  
  46  4:45  Marauder  
  53  4:48  SCV  
  53  4:50  Factory Tech Lab  
  54  5:01  Marine  
  54  5:02  Combat Shield, Marauder, SCV x2  
  54  5:05  Marine  
  60  5:12  Marauder  
  60  5:14  SCV x2  
  64  5:17  Siege Tank  
  64  5:20  Medivac  
  69  5:26  SCV  
  70  5:30  Refinery  
  70  5:36  SCV  
  70  5:37  Marauder x2, Marine x2  
  70  5:38  SCV  
  78  5:49  Supply Depot  
  78  5:52  Engineering Bay  
  78  5:53  SCV  
  78  5:54  Supply Depot  
  79  6:05  Marauder x2, Marine x2  
  79  6:09  Supply Depot  
  79  6:10  SCV  
  86  6:15  SCV  
  87  6:22  Armory  
  87  6:25  Planetary Fortress  
  87  6:27  SCV x2  
  89  6:38  Marauder, Marine x2  
  93  6:41  Marauder  
  93  6:43  Siege Tank  
  93  6:52  Medivac  
  95  6:55  Marine  
  95  6:56  Marine  
  95  6:59  Marauder  
  99  7:04  Barracks, Factory  
  99  7:05  Barracks, SCV  
  100  7:11  Marauder  
  100  7:12  Factory  
  100  7:15  SCV  
  103  7:22  Medivac  
  99  7:23  Marauder, Marine x2  
  97  7:32  Marauder, SCV x2  
  97  7:34  Siege Tank  
  104  7:37  SCV  
  104  7:41  Marine  
  106  7:51  Factory  
  106  7:53  Barracks Reactor  
  106  7:54  Factory Tech Lab  
  106  7:55  Factory Tech Lab  
  106  7:57  Starport Reactor  
  106  8:02  Barracks Tech Lab  
  106  8:08  SCV  
  107  8:16  Engineering Bay  
  107  8:17  Supply Depot  
  107  8:18  Supply Depot, SCV  
  108  8:21  Marauder x2  
  112  8:28  Refinery x2  
  112  8:40  Marine  
  112  8:41  Marauder, Marine  
  96  8:42  Marine x2  
  96  8:43  Marauder x2  
  72  8:58  Marine  
  72  8:59  Marine  
  72  9:00  Siege Tank x2, Marine x2  
  72  9:02  Marauder  
  81  9:04  Marauder  
  81  9:08  Siege Tank  
  82  9:18  Command Center  
  82  9:20  Marauder  
  82  9:24  Marauder, Marine x3  
  85  9:25  Marauder  
  85  9:29  Marine  
  82  9:41  Marine  
  82  9:42  Marine  
Tags
 
Composition
Mech
Matchup
TvZ
Spawn Locations
Cross Positions
Add a new tag
Caveats
  • Supply blocks, unpowered buildings, or Contaminate may cause inaccurate times.
  • Supply counts are checked every 10 seconds.